 Dungeon Crawl Stone Soup version 0.27-a0-1065-ge809cff456 (webtiles) character file.

Game seed: 16155696695956233327

202697 Nosferatu13666 the Unseen (level 17, -12/86 HPs)
             Began as a Spriggan Brigand on Apr 21, 2021.
             Was the Champion of Dithmenos.
             Killed from afar by a frost giant (50 damage)
             ... with a bolt of cold
             ... on level 15 of the Dungeon on Apr 22, 2021.
             The game lasted 08:17:16 (62402 turns).

Nosferatu13666 the Unseen (Spriggan Brigand)       Turns: 62402, Time: 08:17:16

Health: -12/86     AC:  9    Str:  7    XL:     17   Next: 95%
Magic:  27/34      EV: 33    Int: 19    God:    Dithmenos [******]
Gold:   2366       SH:  0    Dex: 20    Spells: 5/41 levels left

rFire    . . .     SeeInvis +   a - +10 dagger
rCold    . . .     Faith    +   (shield restricted)
rNeg     . . .     Spirit   .   L - +3 troll leather armour
rPois    .         Reflect  .   (helmet restricted)
rElec    .         Harm     .   c - +1 cloak
rCorr    .         Rampage  .   (gloves unavailable)
Will     ++++.                  (boots unavailable) Stlth ***+++++++
                                g - amulet of faith
HPRegen  1.24/turn              P - ring of the Mage {Wiz Will++ Int+3}
MPRegen  0.24/turn              f - +4 ring of evasion

@: confusing by touch, very slightly contaminated, wreathed by umbra, invisible,
very quick
A: very small, no large weapons, unfitting armour, see invisible, speed 3
}: 1/15 runes: serpentine
a: Renounce Religion, Shadow Step, Shadow Form


You were on level 15 of the Dungeon.
You worshipped Dithmenos.
Dithmenos was exalted by your worship.
You visited 7 branches of the dungeon, and saw 32 of its levels.
You visited 1 bazaar.
You also visited: Ice Cave.

You collected 3874 gold pieces.
You spent 1508 gold pieces at shops.

Inventory:

Hand Weapons
 a - a +10 dagger (weapon)
 q - a +0 dagger of electrocution
 z - a +4 flail of pain
 E - a +9 dagger
 F - the +9 staff of Olgreb {rPois∞}
   (You found it on level 7 of the Dungeon)

   It may poison the flesh of those it strikes, and is more effective with a
   high Evocations skill.
   It enhances your poison magic.
   It grants immunity to poison.
   It can be evoked to poison those around you for a time.
 R - a +7 dagger
 X - the +9 long sword of Jempoh {flame, rN+ Dex+6}
   (You found it on level 13 of the Dungeon)

   It has been specially enchanted to burn those struck by it, causing extra
   injury to most foes and up to half again as much damage against particularly
   susceptible opponents.
   Big, fiery blades are also staple armaments of hydra-hunters.
   It affects your dexterity (+6).
   It protects you from negative energy.
 Y - a +2 quick blade of flaming
 Z - a +2 rapier of electrocution
Missiles
 e - 2 silver boomerangs
 j - 2 atropa-tipped darts
 w - 86 poisoned darts (quivered)
 A - a throwing net
Armour
 c - a +1 cloak (worn)
 s - +3 steam dragon scales
 B - a +2 robe of fire resistance
 L - a +3 troll leather armour (worn)
 Q - +0 acid dragon scales
Jewellery
 b - a ring of protection from cold
 f - a +4 ring of evasion (right hand)
 g - an amulet of faith (around neck)
 G - a ring of fire
 I - a ring of magical power
 K - an amulet of magic regeneration
 P - the ring of the Mage (left hand) {Wiz Will++ Int+3}
   (You acquired it on level 11 of the Dungeon)

   [ring of wizardry]

   It improves your spell success rate.
   It affects your intelligence (+3).
   It greatly increases your willpower.
 S - a ring of protection from fire
 T - an amulet of the acrobat
Wands
 r - a wand of digging (11)
 v - a wand of acid (16)
 C - a wand of iceblast (30)
 N - a wand of flame (30)
 O - a wand of paralysis (6)
 U - a wand of polymorph (19)
Scrolls
 i - 6 scrolls of amnesia
 k - 4 scrolls of fear
 p - 6 scrolls of identify
 u - 3 scrolls of fog
 y - 11 scrolls of teleportation
 D - a scroll of magic mapping
 H - 5 scrolls of vulnerability
 W - 8 scrolls of blinking
Potions
 d - 3 potions of heal wounds
 h - 2 potions of lignification
 l - 3 potions of haste
 m - 6 potions of might
 n - a potion of resistance
 o - a potion of berserk rage
 t - 4 potions of flight
 x - 8 potions of curing
 J - 3 potions of invisibility
 M - 4 potions of attraction
 V - a potion of cancellation


   Skills:
 + Level 8.6 Fighting
 + Level 12.5 Short Blades
 - Level 5.1 Throwing
 * Level 16.2 Dodging
 * Level 18.8 Stealth
 + Level 12.5 Spellcasting
 + Level 12.1 Hexes
 + Level 10.7 Translocations
 + Level 7.8 Ice Magic
 + Level 7.2 Air Magic
 * Level 12.0 Invocations


You had 5 spell levels left.
You knew the following spells:

 Your Spells              Type           Power      Damage    Failure   Level
a - Confusing Touch       Hex            55%        N/A       1%          3
b - Ensorcelled Hibernat  Hex/Ice        98%        N/A       1%          2
c - Silence               Hex/Air        24%        N/A       1%          5
d - Metabolic Englaciati  Hex/Ice        24%        N/A       1%          5
e - Blink                 Tloc           N/A        N/A       1%          2
f - Gell's Gravitas       Tloc           26%        N/A       1%          3
g - Teleport Other        Tloc           52%        N/A       1%          3
h - Airstrike             Air            19%        N/A       1%          4
i - Invisibility          Hex            55%        N/A       3%          6
j - Tukima's Dance        Hex            55%        N/A       1%          3

Your spell library contained the following spells:

 Spells                   Type           Power      Damage    Failure   Level
 Apportation              Tloc           100%       N/A       1%          1
 Freeze                   Ice            100%       1d11      1%          1
 Poisonous Vapours        Pois/Air       50%        N/A       1%          2
 Frozen Ramparts          Ice            82%        1d10      1%          3
 Lesser Beckoning         Tloc           26%        N/A       1%          3
 Ozocubu's Armour         Ice            41%        N/A       1%          3
 Beastly Appendage        Tmut           22%        N/A       3%          1
 Sandblast                Erth           22%        2d7       3%          1
 Sting                    Tmut/Pois      44%        1d5       3%          1
 Mephitic Cloud           Conj/Pois/Air  21%        N/A       4%          3
 Passwall                 Tmut/Erth      9%         N/A       5%          2
 Wereblood                Tmut           11%        N/A       5%          2
 Hailstorm                Conj/Ice       26%        3d7       7%          4
 Ice Form                 Ice/Tmut       26%        N/A       7%          4
 Summon Ice Beast         Ice/Summ       26%        N/A       7%          4
 Summon Lightning Spire   Summ/Air       25%        N/A       8%          4
 Yara's Violent Unravell  Hex/Tmut       17%        3d8       9%          5
 Ignite Poison            Fire/Tmut/Pois 11%        N/A       11%         3
 Spider Form              Tmut/Pois      5%         N/A       11%         3
 Stone Arrow              Conj/Erth      22%        3d8       11%         3
 Animate Armour           Summ/Erth      22%        N/A       32%         4
 Olgreb's Toxic Radiance  Pois           11%        N/A       32%         4
 Petrify                  Tmut/Erth      11%        N/A       32%         4
 Alistair's Intoxication  Tmut/Pois      7%         N/A       65%         5
 Borgnjor's Vile Clutch   Necr/Erth      5%         N/A       65%         5
 Hydra Form               Tmut           5%         N/A       65%         5
 Lee's Rapid Deconstruct  Erth           5%         3d7*      65%         5
 Freezing Cloud           Conj/Ice/Air   15%        6-21      52%         6
 Simulacrum               Ice/Necr       13%        N/A       69%         6
 Ozocubu's Refrigeration  Ice            20%        4d9       71%         7
 Shadow Creatures         Summ           N/A        N/A       99%         6


Dungeon Overview and Level Annotations

Branches:
Dungeon (15/15)            Temple (1/1) D:6            Lair (6/6) D:8
 Shoals (1/4) Lair:2        Snake (4/4) Lair:2        Slime (0/5) Lair:5
    Orc (2/2) D:10            Elf (3/3) Orc:2        Vaults (0/5) D:14
  IceCv (visited)
 Depths: D:15

Altars:
Cheibriados
Dithmenos
Fedhas
Gozag
Kikubaaqudgha
Okawaru
Sif Muna
Trog
Uskayaw
Vehumet
Xom
Zin
Beogh

Shops:
D:9 !   D:11 =[   D:15 *   Orc:1 =   Orc:2 *[:(   Elf:2 (   Snake:3 =

Portals:
Trove: D:14 (give +4 shadow dragon scales)

Annotations:
D:6 2 transporters
D:7 1 runed translucent door
D:9 2 runed translucent doors, exclusion: orange crystal statue


Innate Abilities, Weirdness & Mutations

You are very small and have problems with some larger weapons.
You are too small for most types of armour.
You have supernaturally acute eyesight. (SInv)
You cover ground extremely quickly. (Speed+++)


Message History

Things that are here:
a +0 giant spiked club; a +0 giant spiked club You start waiting.
You are lightly contaminated with residual magic.
You start waiting.
You flicker for a moment.
You start waiting.
You flicker back into view.
You start waiting.
Your magical contamination has completely faded away.
Casting: Invisibility (dangerous; 3% risk of failure)
Confirm with . or Enter, or press ? or * to list all spells.
Aiming: Invisibility (dangerous; 3% risk of failure)
Press: ? - help, Shift-Dir - straight line, f - you You fade into invisibility!
You are very lightly contaminated with residual magic.
The frost giant shouts!
You puncture the frost giant!
The frost giant is lightly wounded.
Your shadow barely misses the frost giant.
You puncture the frost giant!
The frost giant is lightly wounded.
The frost giant casts a spell at you. The bolt of cold misses you.
Casting: Invisibility (dangerous; 3% risk of failure)
Confirm with . or Enter, or press ? or * to list all spells.
Your hands begin to glow red.
The frost giant misses you.
You hit the frost giant but do no damage.
The frost giant is lightly wounded.
You hit the frost giant but do no damage.
The frost giant is lightly wounded.
Your shadow barely misses the frost giant.
The frost giant casts a spell at you. The bolt of cold hits you!!!
Ouch! That really hurt!
You emit a cloud of dark smoke.
The frost giant gestures at you while chanting.
The bolt of cold hits you!!!
Ouch! That really hurt!
You die...

#....#)#........... .....'.
#....#)#^.......... .....#
#......##############.....##
#.....))....................
#..................§§§§.....
#..###............§§§§§.....
#.. #............§C§§###...
#..###....<.......§§§§###
#..............@..§§§.....
##########################


You could see a frost giant.

Vanquished Creatures
  Jorgrun (Elf:1)
  Agnes (D:14)
  5 nagarajas (Snake:4)
  Louise (Snake:4)
  An orc warlord (Orc:1)
  2 deep elf demonologists (Elf:1)
  2 deep elf annihilators
  A salamander tyrant (Snake:4)
  A deep elf high priest (Elf:1)
  The ghost of PirateVox the Covert, a journeyman KoCj of Dithmenos (D:13)
  A vault guard (D:14)
  A catoblepas (D:14)
  14 naga warriors
  11 hydras
  2 ogre magi
  Erolcha (Orc:1)
  5 boulder beetles
  6 anacondas
  2 death knights
  6 centaur warriors
  10 two-headed ogres
  24 dancing weapons
  15 death yaks
  3 tengu warriors
  An orc high priest (Elf:2)
  3 naga sharpshooters
  6 shock serpents
  15 deep elf knights
  2 salamander mystics
  2 naga ritualists
  5 deep elf archers
  25 deep elf pyromancers
  18 deep elf zephyrmancers
  2 mana vipers
  A wolf spider (Lair:5)
  A lindwurm (Lair:1)
  4 orc knights
  An orc sorcerer (Orc:2)
  3 manticores
  2 ugly things
  A faun (Shoals:1)
  6 salamanders
  3 cyclopes
  A guardian serpent (Snake:4)
  Maurice (D:9)
  20 black mambas
  5 elephants
  10 naga magi
  15 cane toads
  Joseph (D:10)
  2 torpor snails
  2 unseen horrors
  5 yaktaurs
  5 rime drakes
  An efreet (D:14)
  10 komodo dragons
  A tengu conjurer (D:13)
  A freezing wraith (D:14)
  13 polar bears
  3 meliai (D:14)
  A merfolk (Shoals:1)
  2 hornets (Lair:5)
  The ghost of Majang the Chopper, an amateur DsFi (D:4)
  8 trolls
  A wind drake (shapeshifter) (Elf:1)
  9 slime creatures
  14 blink frogs
  A raiju (Lair:6)
  A wind drake (Shoals:1)
  A blink frog (shapeshifter) (D:13)
  5 dream sheep (Lair:6)
  A snapping turtle (Shoals:1)
  An air elemental (Elf:1)
  A spriggan (shapeshifter) (Elf:1)
  A tarantella (shapeshifter) (D:13)
  A wraith (D:12)
  2 spriggans
  3 water elementals
  3 shadows
  A wyvern (Lair:4)
  3 fire elementals
  11 redbacks
  10 basilisks
  38 yaks
  A basilisk (shapeshifter) (D:14)
  3 vampire mosquitoes (D:12)
  A steam dragon (D:6)
  5 wargs
  43 nagas
  16 water moccasins
  2 acid dragons
  16 hell hounds (Lair:6)
  48 orc warriors
  A hornet zombie (D:5)
  13 ice beasts
  14 black bears
  14 ogres
  30 wolves
  35 centaurs
  A phantom (D:7)
  A kobold brigand (D:4)
  17 bullfrogs
  An earth elemental (Elf:1)
  12 scorpions
  A gnoll sergeant (D:9)
  A wyvern zombie (D:8)
  7 killer bees (D:7)
  2 water moccasin skeletons (D:6)
  4 electric eels
  2 bullfrog zombies (D:6)
  3 centaur zombies (D:9)
  2 hounds
  4 jellies
  17 orc priests
  3 iguanas
  25 orc wizards
  7 hell rats
  A howler monkey zombie (D:7)
  6 gnolls
  15 adders
  4 river rats (D:8)
  A shadow imp (D:7)
  3 adder skeletons (D:4)
  A worm (D:5)
  A dart slug (D:2)
  76 orcs
  6 ball pythons
  6 bats
  8 endoplasms
  5 giant cockroaches
  10 goblins
  11 hobgoblins
  5 jackals
  3 quokkas
  4 frilled lizards (D:1)
  9 kobolds
  A quokka skeleton (D:4)
  8 rats
970 creatures vanquished.

Vanquished Creatures (others)
  A deep elf zephyrmancer (Elf:1)
  A naga (Snake:4)
  A centaur (D:15)
  A bush (Lair:6)
  62 fungi
  94 plants
160 creatures vanquished.

Grand Total: 1130 creatures vanquished

Notes
Turn   | Place    | Note
-------+----------+-------------------------------------------
     0 | D:1      | Nosferatu13666 the Spriggan Brigand began the quest for the
                  | Orb.
     0 | D:1      | Reached XP level 1. HP: 10/10 MP: 2/2
    15 | D:1      | Reached skill level 6 in Stealth
   343 | D:1      | Reached XP level 2. HP: 15/15 MP: 3/3
  1155 | D:1      | Found a faded altar of an unknown god.
  1265 | D:1      | Reached XP level 3. HP: 18/18 MP: 4/4
  2299 | D:2      | You fall into a shaft and drop 2 floors!
  2423 | D:3      | Reached skill level 1 in Spellcasting
  2423 | D:3      | Reached XP level 4. HP: 12/23 MP: 6/6
  2988 | D:3      | Learned a level 3 spell: Confusing Touch
  3159 | D:3      | Found a glowing silver altar of Zin.
  3535 | D:4      | Reached skill level 1 in Hexes
  3535 | D:4      | Reached XP level 5. HP: 26/26 MP: 9/9
  3921 | D:4      | Found a runed translucent door.
  3921 | D:4      | Noticed Majang's ghost (amateur DsFi)
  4547 | D:4      | Reached XP level 6. HP: 32/32 MP: 9/11
  4645 | D:4      | Reached skill level 7 in Stealth
  5088 | D:4      | Learned a level 2 spell: Ensorcelled Hibernation
  5105 | D:5      | Entered Level 5 of the Dungeon
  5211 | D:5      | Reached XP level 7. HP: 9/35 MP: 13/13
  6743 | D:6      | Found a staircase to the Ecumenical Temple.
  6760 | D:6      | Reached XP level 8. HP: 40/40 MP: 14/16
  6769 | Temple   | Entered the Ecumenical Temple
  6786 | Temple   | Became a worshipper of Dithmenos the Shadowed
  6970 | D:6      | Reached skill level 5 in Spellcasting
  7142 | D:6      | Found a hide-covered altar of Uskayaw.
  7143 | D:6      | Found a bloodstained altar of Trog.
  7147 | D:6      | Reached skill level 8 in Stealth
  7300 | D:6      | Found a transporter.
  7310 | D:6      | Noticed a kobold demonologist
  7332 | D:6      | Found a transporter.
  7348 | D:6      | Reached skill level 5 in Dodging
  7348 | D:6      | Reached skill level 5 in Hexes
  7348 | D:6      | Reached skill level 1 in Ice Magic
  7757 | D:7      | Found the +9 staff of Olgreb {rPois∞}
  7810 | D:7      | Found a runed translucent gate.
  7811 | D:7      | Found a runed translucent door.
  7824 | D:7      | Found a runed translucent gate.
  7839 | D:7      | Found a runed translucent gate.
  7850 | D:7      | Found a runed translucent door.
  8235 | D:7      | Reached XP level 9. HP: 44/44 MP: 3/19
  8496 | D:7      | Reached * piety under Dithmenos
  8788 | D:7      | Reached skill level 5 in Short Blades
  8810 | D:7      | Reached skill level 9 in Stealth
  9159 | D:8      | Noticed a death yak
  9165 | D:8      | Noticed a death yak
  9261 | D:8      | Reached skill level 5 in Throwing
  9290 | D:7      | Reached XP level 10. HP: 50/50 MP: 9/22
  9595 | D:8      | Found a shimmering blue altar of Sif Muna.
  9653 | D:8      | Noticed a death yak
  9715 | D:8      | Killed a death yak
  9716 | D:8      | Reached skill level 10 in Stealth
  9716 | D:8      | Reached skill level 1 in Invocations
 10383 | D:8      | Found a staircase to the Lair.
 10729 | D:8      | Reached ** piety under Dithmenos
 11233 | Lair:1   | Entered Level 1 of the Lair of Beasts
 11299 | Lair:1   | Noticed a cane toad
 11306 | Lair:1   | Killed a cane toad
 11419 | Lair:1   | Noticed a four-headed hydra
 11424 | Lair:1   | Killed a four-headed hydra
 11513 | Lair:1   | Reached skill level 11 in Stealth
 11629 | Lair:1   | Noticed a cane toad
 11629 | Lair:1   | Noticed a cane toad
 11720 | Lair:1   | Noticed a cane toad
 11726 | Lair:1   | Killed a cane toad
 11727 | Lair:1   | Reached XP level 11. HP: 45/54 MP: 18/24
 12110 | Lair:1   | Noticed an eight-headed hydra
 12117 | Lair:1   | Killed an eight-headed hydra
 12423 | Lair:1   | Reached skill level 5 in Fighting
 12502 | Lair:1   | Noticed a lindwurm
 12509 | Lair:1   | Killed a lindwurm
 12607 | Lair:2   | Learned a level 5 spell: Silence
 12618 | Lair:2   | Found a staircase to the Snake Pit.
 12622 | Lair:2   | Found a staircase to the Shoals.
 12624 | Lair:2   | Noticed a seven-headed hydra
 13003 | Lair:2   | Found a frozen archway.
 13097 | Lair:2   | Reached skill level 1 in Air Magic
 13178 | IceCv    | Entered an ice cave
 13178 | IceCv    | Noticed a white ugly thing
 13203 | Lair:2   | Reached *** piety under Dithmenos
 13204 | Lair:2   | Reached skill level 12 in Stealth
 13273 | Lair:2   | Killed a seven-headed hydra
 13742 | Lair:2   | Reached skill level 5 in Invocations
 14061 | Lair:2   | Learned a level 5 spell: Metabolic Englaciation
 14290 | Lair:2   | Reached skill level 10 in Dodging
 14829 | Lair:3   | Found a blossoming altar of Fedhas.
 14897 | Lair:3   | Reached XP level 12. HP: 60/60 MP: 23/26
 15208 | Lair:3   | Reached **** piety under Dithmenos
 16536 | Lair:4   | Identified the +8 plate armour of Sorcery {rN+ Regen+}
 16576 | Lair:4   | Reached skill level 13 in Stealth
 17422 | Lair:4   | Noticed a five-headed hydra
 17458 | Lair:4   | Killed a five-headed hydra
 17514 | Lair:4   | Reached ***** piety under Dithmenos
 17653 | Lair:4   | Identified the +6 hand axe "Qalihom" {speed, MP+9}
 17746 | Lair:4   | Noticed a boulder beetle
 17754 | Lair:4   | Killed a boulder beetle
 18161 | D:4      | Killed Majang's ghost
 19256 | D:8      | Killed a death yak
 19339 | D:8      | Killed a death yak
 19545 | D:9      | Found a runed translucent door.
 19872 | D:9      | Found the +10 tower shield of Ignorance {rN+ Int-4}
 19875 | D:9      | Found a runed translucent door.
 19879 | D:9      | Noticed a two-headed ogre
 19899 | D:9      | Killed a two-headed ogre
 20034 | D:9      | Reached XP level 13. HP: 65/65 MP: 27/27
 20057 | D:9      | Reached skill level 5 in Ice Magic
 20284 | D:9      | Found Pifonn's Distillery.
 20306 | D:9      | Noticed Maurice
 20313 | D:9      | Killed Maurice
 20314 | D:9      | Reached skill level 14 in Stealth
 20835 | D:10     | Entered Level 10 of the Dungeon
 21214 | D:10     | Noticed Joseph
 21224 | D:10     | Killed Joseph
 21274 | D:10     | Found a staircase to the Orcish Mines.
 21488 | D:11     | Found a flickering gateway to a bazaar.
 21499 | Bazaar   | Entered a bazaar
 21507 | Bazaar   | Found Itrixzig's Book Shop.
 21520 | Bazaar   | Found Gobuege's Book Shop.
 21568 | Bazaar   | Bought Sif Muna's Collected Works on Dislocated
                  | Weightlessness for 708 gold pieces
 21571 | Bazaar   | Learned a level 2 spell: Blink
 21663 | D:11     | Found a shadowy altar of Dithmenos.
 22012 | D:11     | Reached skill level 1 in Translocations
 22201 | D:11     | Reached ****** piety under Dithmenos
 22269 | D:11     | Found Uzehadgh's Jewellery Emporium.
 22428 | D:11     | Identified a scroll of acquirement
 22428 | D:11     | Acquired the ring of the Mage {Wiz Will++ Int+3}
 22429 | D:11     | Found the ring of the Mage {Wiz Will++ Int+3}
 22506 | D:11     | Found Zidd's Armour Emporium.
 22855 | D:12     | Found a flagged portal.
 23346 | D:12     | Reached skill level 10 in Spellcasting
 24865 | D:12     | Noticed a frost giant
 25349 | D:12     | Noticed a storm dragon
 25434 | D:13     | Reached skill level 5 in Translocations
 25536 | D:13     | Acquired 470 gold pieces
 25638 | D:12     | Reached skill level 10 in Hexes
 25743 | D:13     | Reached XP level 14. HP: 49/70 MP: 26/29
 25901 | D:13     | Found a runed translucent door.
 25901 | D:13     | Found a shimmering altar of Xom.
 25901 | D:13     | Noticed PirateVox's ghost (journeyman KoCj)
 26568 | D:13     | Killed PirateVox's ghost
 26571 | D:13     | Identified the +9 long sword of Jempoh {flame, rN+ Dex+6}
 27199 | Lair:5   | Found a staircase to the Slime Pits.
 27501 | Lair:5   | Learned a level 3 spell: Gell's Gravitas
 27590 | Lair:4   | Learned a level 3 spell: Teleport Other
 27917 | Orc:1    | Entered Level 1 of the Orcish Mines
 27968 | Orc:1    | Found Tidghung's Jewellery Emporium.
 27968 | Orc:1    | Noticed Erolcha
 28575 | Orc:1    | Killed Erolcha
 28623 | Orc:1    | Noticed an orc warlord
 28974 | Orc:1    | Killed an orc warlord
 29587 | Orc:2    | Entered Level 2 of the Orcish Mines
 29861 | Orc:2    | Found a staircase to the Elven Halls.
 29885 | Orc:2    | Reached skill level 15 in Stealth
 32465 | Orc:2    | Found Miefutaa's Antique Armour Shoppe.
 32465 | Orc:2    | Found Qofrib's Book Boutique.
 32467 | Orc:2    | Found Luruagoocu's Antique Weapon Shop.
 32469 | Orc:2    | Found Difixyhu's General Store.
 33765 | Elf:1    | Entered Level 1 of the Elven Halls
 33793 | Elf:1    | Reached skill level 5 in Air Magic
 34438 | Shoals:1 | Entered Level 1 of the Shoals
 36182 | Lair:5   | Reached XP level 15. HP: 58/75 MP: 26/30
 36283 | Lair:5   | Learned a level 4 spell: Airstrike
 36290 | Lair:6   | Entered Level 6 of the Lair of Beasts
 36866 | Lair:6   | Reached skill level 10 in Short Blades
 37961 | Lair:5   | Reached skill level 16 in Stealth
 44370 | Snake:1  | Entered Level 1 of the Snake Pit
 44405 | Snake:1  | Reached skill level 10 in Invocations
 47067 | Snake:3  | Found Liyrreb's Jewellery Boutique.
 47437 | Snake:3  | Reached XP level 16. HP: 80/80 MP: 29/32
 47798 | Snake:4  | Entered Level 4 of the Snake Pit
 47802 | Snake:4  | Identified the +0 leather armour of the Orb Guardian {Will+
                  | rCorr Int-3}
 48098 | Snake:4  | Reached skill level 17 in Stealth
 48465 | Snake:4  | Noticed Louise
 48867 | Snake:4  | Killed Louise
 51329 | Snake:4  | Reached skill level 15 in Dodging
 52100 | Snake:4  | Got a serpentine rune of Zot
 53360 | Elf:1    | Noticed Jorgrun
 53363 | Elf:1    | Killed Jorgrun
 53842 | Elf:1    | Noticed an Executioner
 54169 | Elf:1    | Learned a level 1 spell: Sandblast
 54314 | Orc:2    | Bought a book of Party Tricks for 800 gold pieces
 54322 | Orc:2    | Learned a level 6 spell: Invisibility
 54326 | Orc:2    | Learned a level 3 spell: Tukima's Dance
 54617 | Elf:1    | Reached XP level 17. HP: 76/85 MP: 22/34
 55433 | Elf:2    | Found a radiant altar of Vehumet.
 55878 | Elf:2    | Reached skill level 18 in Stealth
 57648 | Elf:2    | Found Bessib's Antique Weapon Emporium.
 57958 | Elf:2    | Found a runed translucent gate.
 57958 | Elf:2    | Found a runed translucent gate.
 57958 | Elf:2    | Found a runed translucent gate.
 58005 | Elf:2    | Reached skill level 10 in Translocations
 59668 | Elf:3    | Entered Level 3 of the Elven Halls
 60679 | D:11     | Upgraded the game from 0.27-a0-1060-gcb85b5eba1 to
                  | 0.27-a0-1065-ge809cff456
 61050 | D:14     | Identified the +6 shortbow of Bocekiec {vorpal, Dex+2
                  | Stlth+}
 61207 | D:14     | Found a portal to a secret trove of treasure.
 61245 | D:14     | Found a gate to the Vaults.
 61592 | D:15     | Entered Level 15 of the Dungeon
 61874 | D:15     | Noticed Agnes
 61965 | D:14     | Killed Agnes
 62139 | D:15     | Found Gozag's Platinum Reserve.
 62146 | D:15     | Found an opulent altar of Gozag.
 62402 | D:15     | Killed from afar by a frost giant

Illustrated notes

Levels and vault maps discovered:
D:1:      dpeg_arrival_connections, layout_basic,
          hellmonk_ecumenical_altar_heavens_door, minmay_stone_trees_large
D:2:      layout_basic
D:3:      layout_loops_ring, nicolae_overflow_crystal_walls, dk_noncrumbling_4,
          grunt_decor_mini_mirrors
D:4:      layout_loops_ring, gammafunk_ghost_grave, kennysheep_generic_room_6
D:5:      layout_gridville
D:6:      gammafunk_wand_slinger, layout_cave_pools, grunt_temple_overflow_open,
          minmay_temple_entry_trees, hangedman_decor_growths,
          minmay_misc_feat_tiny
D:7:      layout_basic, minmay_guarded_unrand_staff_of_olgreb
D:8:      layout_gridville, nicolae_sif_muna_little_library, dpeg_lair_monsters
D:9:      layout_grid_maze, serial_shops, kennysheep_little_box,
          chequers_guarded_unrand_ignorance, uniq_maurice
D:10:     layout_gridville, orc_0_dummy, uniq_joseph
D:11:     layout_roguey [special_room_orc], serial_shops, bzr_entry_customers,
          shop, shop_fountains, grunt_dithmenos_smoke_and_mirrors
D:12:     kennysheep_four_of_diamonds, layout_long_grid, enter_bailey_2,
          drop_trap
D:13:     cheibrodos_elevator_heist, layout_loops_ring, ebering_ghost_xom
D:14:     layout_rooms, david_vaults_5, nicolae_trove_entry_diagonal, the_bakery
D:15:     grunt_enter_depths_hoard, layout_stronghold,
          nicolae_gozag_zags_fifth_avenue, fedhas_altar_4, uniq_agnes
Temple:   compressed_dpeg_circular_temple
Lair:1:   layout_big_grid, nicolae_volcano_entry_vermiform, grunt_megastairs_4
Lair:2:   layout_gridlike, shoals_dummy_entry, dummy_snake_entry,
          portal_ice_cave_entry_ice_beasts
Lair:3:   layout_chaotic_city, lemuel_centaur_altar, grunt_megastairs_1,
          serial_bayou_shore_a
Lair:4:   layout_gridlike, grunt_forest_large_clearing_hut, lemuel_fruit_fields
Lair:5:   minmay_lair_venomous_thicket, layout_hall_layers,
          nicolae_slime_entry_slimehenge, serial_bayou_shore_b
Lair:6:   hangedman_lair_caniforms_friends, layout_long_grid
Shoals:1: layout_shoals, nicolae_shoals_dead_sea_scrolls, uniq_roxanne,
          uniq_nikola
Snake:1:  layout_onion, serial_bayou_shore_b
Snake:2:  layout_layer_cave, abandoned_shop, serial_bayou_pond_d
Snake:3:  layout_misc_corridors, serial_shops, shop_statue
Snake:4:  minmay_snake_end_coiled, layout_chambers, grunt_ministairs_5,
          uniq_louise
Orc:1:    layout_caves, basic_altar, serial_shops, nicolae_shop_crystal,
          mines2_david, uniq_erolcha
Orc:2:    st_orc_rangers, layout_caves, rock_pile
Elf:1:    layout_geoelf_diagonals, hangedman_elf_represent, grunt_megastairs_3,
          uniq_jorgrun
Elf:2:    layout_geoelf_grid, serial_shops, shop, basic_altar, drop_trap
Elf:3:    minmay_elf_hall_not_hex, layout_geoelf_octagon, uniq_asterion

Skill      XL: |  1  2  3  4  5  6  7  8  9 10 11 12 13 14 15 16 17 |
---------------+----------------------------------------------------+-----
Stealth        | 6 7 8 9 11 12 13 14 15 16 17 18 | 18.8
Dodging        | 2 3 4 5 6 8 10 11 12 13 14 15 16 | 16.2
Fighting       | 2 3 4 5 6 7 8 |  8.6
Spellcasting   | 1 2 3 4 6 7 8 9 10 11 12 | 12.5
Short Blades   | 3 4 5 6 7 8 9 10 11 12 | 12.5
Hexes          | 1 2 3 4 5 7 8 9 10 11 12 | 12.1
Throwing       | 3 4 5 |  5.1
Ice Magic      | 1 2 3 4 5 6 7 |  7.8
Invocations    | 3 5 6 8 9 10 11 12 | 12.0
Air Magic      | 1 3 4 5 6 7 |  7.2
Translocations | 5 7 8 9 10 | 10.7

Action                   |  1- 3 |  4- 6 |  7- 9 | 10-12 | 13-15 | 16-18 || total
-------------------------+-------+-------+-------+-------+-------+-------++-------
Melee: Dagger            |   117 |   128 |   179 |   404 |   936 |   524 ||  2288
       Long sword        |       |       |       |       |    46 |    88 ||   134
       Staff             |       |       |       |       |     1 |    15 ||    16
       Rapier            |       |       |       |       |       |    14 ||    14
Throw: Dart              |    34 |    52 |    13 |    70 |   522 |   136 ||   827
       Boomerang         |       |       |    22 |       |       |     8 ||    30
       Throwing net      |       |       |       |       |       |     3 ||     3
       Stone             |       |       |       |       |       |     5 ||     5
 Cast: Ensorcelled Hiber |       |       |    58 |   214 |   303 |   166 ||   741
       Confusing Touch   |       |       |     8 |    45 |    95 |    39 ||   187
       Metabolic Englaci |       |       |       |     4 |     2 |    11 ||    17
       Blink             |       |       |       |       |     5 |    14 ||    19
       Gell's Gravitas   |       |       |       |       |   101 |    41 ||   142
       Teleport Other    |       |       |       |       |    12 |    12 ||    24
       Airstrike         |       |       |       |       |   101 |    67 ||   168
       Silence           |       |       |       |       |       |     8 ||     8
       Sandblast         |       |       |       |       |       |     2 ||     2
       Invisibility      |       |       |       |       |       |    20 ||    20
       Tukima's Dance    |       |       |       |       |       |     5 ||     5
Invok: Shadow Step       |       |       |       |       |       |    12 ||    12
Evoke: Wand              |       |       |       |       |    16 |       ||    16
       Staff of Olgreb   |       |       |       |       |     3 |     6 ||     9
  Use: Scroll            |       |       |    16 |     7 |    17 |     6 ||    46
       Potion            |       |       |       |     2 |     3 |     7 ||    12
 Stab: Sleeping          |    17 |    13 |    37 |   100 |   211 |   128 ||   506
       Distracted        |     1 |     1 |       |     1 |     5 |     4 ||    12
       Invisible         |       |     6 |     5 |     2 |       |    41 ||    54
       Confused          |       |       |     6 |    42 |    81 |    32 ||   161
       Held in net/web   |       |       |       |       |       |     1 ||     1
Armor: Robe              |    14 |     7 |     5 |       |       |       ||    26
       Steam dragon scal |       |       |     3 |    32 |     2 |       ||    37
       Troll leather arm |       |       |       |       |    60 |    45 ||   105
Dodge: Dodged            |    79 |    89 |   118 |   302 |   946 |   542 ||  2076
       Rpst.: Long sword |       |       |       |       |    16 |    27 ||    43

Table legend: (Time is in decaauts)
 A = Elapsed time spent in this place.
 B = Non-inter-level travel time spent in this place.
 C = Inter-level travel time spent in this place.
 D = Time resting spent in this place.
 E = Time spent auto-exploring this place.
 F = Levels seen in this place.
 G = Mean time per level.
                   A        B        C        D        E       F      G
               +--------+--------+--------+--------+--------+-----+--------+
         Total |  46410 |  43617 |   2793 |  11038 |  15287 |  34 | 1365.0 |
       Dungeon |  16873 |  15166 |   1707 |   1924 |   7961 |  15 | 1124.9 |
        Temple |     20 |     20 |      0 |      0 |     10 |   1 |   20.0 |
          Lair |  13777 |  13257 |    520 |   4957 |   3521 |   6 | 2296.2 |
        Shoals |     76 |     75 |      1 |      0 |      3 |   1 |   76.0 |
     Snake Pit |   5869 |   5716 |    153 |   1688 |   1467 |   4 | 1467.2 |
  Orcish Mines |   4221 |   3905 |    316 |    454 |   1977 |   2 | 2110.5 |
   Elven Halls |   5512 |   5419 |     93 |   2014 |    330 |   3 | 1837.3 |
        Bazaar |     53 |     53 |      0 |      0 |     16 |   1 |   53.0 |
      Ice Cave |      6 |      6 |      0 |      0 |      0 |   1 |    6.0 |
               +--------+--------+--------+--------+--------+-----+--------+

Top non-repeatable levels by time:
  Lair:6: 5636 daAuts
 Snake:4: 3589 daAuts
   Elf:1: 3153 daAuts
   Orc:2: 2793 daAuts
   Elf:2: 2211 daAuts
    D:12: 2148 daAuts
     D:8: 1948 daAuts
  Lair:4: 1918 daAuts
  Lair:2: 1733 daAuts
     D:7: 1700 daAuts
  Lair:5: 1616 daAuts
  Lair:3: 1586 daAuts
   Orc:1: 1428 daAuts
     D:4: 1368 daAuts
     D:5: 1356 daAuts
